 Dungeon Crawl Stone Soup version 0.31-a0-344-gd109795599 (webtiles) character file.

Game seed: 5126951909379267554

1655466 PaperRat the Warlock (level 26, 165/166 HPs)
             Began as a Deep Elf Venom Mage on July 20, 2023.
             Was a High Priest of Vehumet.
             Escaped with the Orb
             ... and 3 runes on July 21, 2023!
             The game lasted 05:33:07 (70803 turns).

PaperRat the Warlock (Deep Elf Venom Mage)         Turns: 70803, Time: 05:33:08

Health: 165/166    AC: 16    Str:  7    XL:     26   Next: 48%
Magic:  48/49      EV: 33    Int: 37    God:    Vehumet [*****.]
Gold:   5272       SH:  8    Dex: 17    Spells: 5/65 levels left

rFire   + + +        a - +10 dagger of Sloth {drain, rPois rF+++ rN+}
rCold   + + +        L - +3 buckler {rC+ rF+}
rNeg    + . .        f - +2 robe of Disguise {rC+ Will+ Str+2}
rPois   +            T - +2 hat {SInv}
rElec   +            G - +2 cloak {rCorr}
rCorr   +            H - +2 pair of gloves
SInv    +            u - +2 pair of boots {Fly}
Will    +++..        (no amulet)
Stlth   ++           I - ring of the Hare {EV+10}
HPRegen 0.47/turn    m - ring of Beogh's Envy {Drain rElec rC+++ Int+6 Stlth-}
MPRegen 0.31/turn

%: no passive effects
@: flying, studying 2 skills
A: no striking features
0: Orb of Zot
}: 3/15 runes: barnacled, slimy, gossamer
a: Renounce Religion


You escaped.
You worshipped Vehumet.
Vehumet was extremely pleased with you.
You visited 12 branches of the dungeon, and saw 55 of its levels.
You also visited: Ossuary, Gauntlet and Ice Cave.

You collected 9910 gold pieces.
You spent 4638 gold pieces at shops.

Inventory:

Hand Weapons
 a - the +10 dagger of Sloth (weapon) {drain, rPois rF+++ rN+}
   (You found it on level 5 of the Pits of Slime)

   rF:        It renders you almost immune to fire.
   rPois:     It protects you from poison.
   rN:        It protects you from negative energy.
Missiles
 D - 5 boomerangs of dispersal
 F - 12 curare-tipped darts (quivered)
 S - 3 throwing nets {!f}
Armour
 f - the +2 robe of Disguise (worn) {rC+ Will+ Str+2}
   (You took it off an orc on level 10 of the Dungeon)

   Str:       It affects your strength (+2).
   rC:        It protects you from cold.
   Will:      It increases your willpower.
 u - a +2 pair of boots of flying (worn)
 G - a +2 cloak of preservation (worn)
 H - a +2 pair of gloves (worn)
 L - a +3 buckler of resistance (worn)
 T - a +2 hat of see invisible (worn)
Magical Staves
 v - the staff of the Valley {*Slow +Blink rC++ Fire Earth}
   (You found it on level 3 of the Elven Halls)

   [staff of earth]

   Base accuracy: +5 Base damage: 5 Base attack delay: 1.2 This weapon's minimum
   attack delay (0.6) is reached at skill level 12.
   rC:        It greatly protects you from cold.
   +Blink:    It lets you blink.
   *Slow:     It may slow you when you take damage.
   Fire:      It increases the power of your Fire spells.
   Earth:     It increases the power of your Earth spells.
   It falls into the 'Staves' category.
   It is a one-handed weapon.
Jewellery
 m - the ring of Beogh's Envy (right hand) {Drain rElec rC+++ Int+6 Stlth-}
   (You found it on level 3 of the Elven Halls)

   [ring of intelligence]

   Int:       It affects your intelligence (+6).
   rC:        It renders you almost immune to cold.
   rElec:     It insulates you from electricity.
   Drain:     It drains your maximum health when unequipped.
   Stlth:     It makes you less stealthy.
 o - the ring "Uhusem" {rElec rC+ EV+5, =R}
   (You acquired it on level 6 of the Dungeon)

   [ring of evasion]

   EV:        It affects your evasion (+5).
   rC:        It protects you from cold.
   rElec:     It insulates you from electricity.
 I - the ring of the Hare (left hand) {EV+10}
   (You acquired it on level 3 of the Crypt)

   [ring of evasion]

   EV:        It affects your evasion (+10).
 P - an amulet of faith
 R - the amulet of Vitality {RegenMP++ Regen++}
   (You found it on level 4 of the Spider Nest)

   [amulet of magic regeneration]

   It increases your rate of magic regeneration.
   Regen:     It increases your rate of health regeneration.
Wands
 b - a wand of iceblast (21)
 d - a wand of digging (2)
 n - a wand of paralysis (51)
 z - a wand of mindburst (43)
Scrolls
 e - 12 scrolls of immolation
 g - 21 scrolls of teleportation {@r3}
 h - 7 scrolls of fog {@r2}
 i - 8 scrolls of vulnerability
 j - a scroll of revelation
 k - 11 scrolls of poison
 l - 2 scrolls of amnesia
 q - 5 scrolls of summoning
 r - 2 scrolls of enchant armour
 s - a scroll of blinking {@r5}
 N - 5 scrolls of fear {@r4}
Potions
 c - a potion of cancellation
 p - 3 potions of resistance
 w - 10 potions of ambrosia
 x - 6 potions of brilliance {@q5}
 y - 24 potions of curing {@q1}
 A - 7 potions of heal wounds {@q2}
 E - 2 potions of haste {@q4}
 J - 7 potions of invisibility
 K - 3 potions of lignification
 M - 7 potions of enlightenment {@q6}
 Q - 2 potions of magic
 W - 8 potions of mutation {@q7}
Miscellaneous
 B - a phantom mirror
 C - a condenser vane
 V - a lightning rod (4/4)
 X - a box of beasts
 Z - a phial of floods


   Skills:
 + Level 17.1 Fighting
 - Level 4.5 Armour
 - Level 19.5 Dodging
 + Level 13.9 Stealth
 - Level 4.0 Shields
 - Level 20.0 Spellcasting
 - Level 21.0 Conjurations
 - Level 5.0 Hexes
 - Level 13.0 Summonings
 - Level 3.0 Translocations
 - Level 7.0 Transmutations
 - Level 8.0 Fire Magic
 - Level 21.0 Air Magic
 - Level 5.0 Earth Magic
 - Level 4.0 Poison Magic
 - Level 21.1 Invocations
 + Level 12.9 Evocations


You had 5 spell levels left.
You knew the following spells:

 Your Spells              Type           Power      Damage    Failure   Level
a - Plasma Beam           Fire/Air       48%        2x1d63    1%          6
b - Chain Lightning       Conj/Air       56%        3d75      6%          9
c - Maxwell's Capacitive  Air            56%        ∞         1%          8
d - Yara's Violent Unrav  Hex/Tmut       34%        3d14      1%          5
f - Summon Forest         Summ/Tloc      38%        N/A       1%          5
g - Passwall              Tmut/Erth      57%        N/A       1%          2
h - Swiftness             Air            100%       N/A       0%          3
i - Iskenderun's Mystic   Conj/Tloc      90%        2d18      1%          4
q - Irradiate             Conj/Tmut      48%        3d27      1%          5
s - Airstrike             Air            56%        2d(9-25)  0%          4
t - Blink                 Tloc           100%       N/A       1%          2
x - Spellforged Servitor  Conj/Summ      52%        N/A       1%          7

Your spell library contained the following spells:

 Spells                   Type           Power      Damage    Failure   Level
 Foxfire                  Conj/Fire      100%       2x1d9     0%          1
 Kiss of Death            Conj/Necr      100%       2d13      0%          1
 Shock                    Conj/Air       100%       1d9       0%          1
 Summon Small Mammal      Summ           100%       N/A       0%          1
 Call Imp                 Summ           100%       N/A       0%          2
 Momentum Strike          Conj/Tloc      100%       3d10      0%          2
 Poisonous Vapours        Pois/Air       100%       N/A       0%          2
 Static Discharge         Conj/Air       100%       2-7/arc   0%          2
 Mephitic Cloud           Conj/Pois/Air  100%       N/A       0%          3
 Stone Arrow              Conj/Erth      100%       3d13      0%          3
 Summon Lightning Spire   Summ/Air       100%       N/A       0%          4
 Arcjolt                  Conj/Air       56%        1d66      0%          5
 Necrotise                Necr           100%       1d9       1%          1
 Sandblast                Erth           100%       2d20      1%          1
 Sting                    Tmut/Pois      100%       1d8       1%          1
 Cigotuvi's Dreadful Rot  Necr/Pois/Air  100%       N/A       1%          2
 Ensorcelled Hibernation  Hex/Ice        100%       N/A       1%          2
 Lesser Beckoning         Tloc           100%       N/A       1%          2
 Sublimation of Blood     Necr           37%        N/A       1%          2
 Wereblood                Tmut           73%        N/A       1%          2
 Call Canine Familiar     Summ           93%        N/A       1%          3
 Gell's Gravitas          Tloc           56%        N/A       1%          3
 Hailstorm                Conj/Ice       85%        3d17      1%          3
 Ignite Poison            Fire/Tmut/Pois 71%        N/A       1%          3
 Inner Flame              Hex/Fire       71%        N/A       1%          3
 Portal Projectile        Hex/Tloc       100%       N/A       1%          3
 Summon Guardian Golem    Hex/Summ       80%        N/A       1%          3
 Teleport Other           Tloc           56%        N/A       1%          3
 Tukima's Dance           Hex            65%        N/A       1%          3
 Vhi's Electric Charge    Tloc/Air       100%       N/A       1%          3
 Volatile Blastmotes      Fire/Tloc      100%       2d18      1%          3
 Animate Armour           Summ/Erth      100%       N/A       1%          4
 Flame Wave               Conj/Fire      97%        2d20      1%          4
 Fulminant Prism          Conj/Hex       46%        3d21      1%          4
 Leda's Liquefaction      Hex/Erth       32%        N/A       1%          4
 Olgreb's Toxic Radiance  Pois           61%        N/A       1%          4
 Sticky Flame             Conj/Fire      97%        2d11      1%          4
 Summon Ice Beast         Ice/Summ       71%        N/A       1%          4
 Freezing Cloud           Conj/Ice/Air   48%        6-21      1%          5
 Lee's Rapid Deconstruct  Erth           32%        3d17*     1%          5
 Vampiric Draining        Necr           37%        2d8       3%          3
 Manifold Assault         Tloc           56%        N/A       3%          4
 Anguish                  Hex/Necr       26%        N/A       4%          4
 Animate Dead             Necr           37%        N/A       12%         4
 Borgnjor's Vile Clutch   Necr/Erth      26%        N/A       12%         5
 Metabolic Englaciation   Hex/Ice        26%        N/A       12%         5
 Agony                    Necr           37%        N/A       32%         5
 Conjure Ball Lightning   Conj/Air       56%        3x3d20    1%          6
 Starburst                Conj/Fire      48%        6d13      1%          6
 Summon Cactus Giant      Summ           46%        N/A       1%          6
 Orb of Destruction       Conj           56%        9d14      1%          7
 Summon Hydra             Summ           46%        N/A       4%          7
 Eringya's Noxious Bog    Tmut/Pois      33%        4d6       5%          6
 Lehudib's Crystal Spear  Conj/Erth      46%        10d11     11%         8
 Summon Horrible Things   Summ           46%        N/A       36%         8
 Dispersal                Tloc           28%        N/A       47%         6
 Haunt                    Necr/Summ      35%        N/A       56%         7
 Ignition                 Fire           38%        3d11      56%         8
 Enfeeble                 Hex            32%        N/A       78%         7
 Death Channel            Necr           18%        N/A       88%         6
 Simulacrum               Ice/Necr       18%        N/A       88%         6
 Borgnjor's Revivificati  Necr           18%        N/A       100%        8
 Discord                  Hex            32%        N/A       100%        8
 Disjunction              Tloc           28%        N/A       100%        8
 Infestation              Necr           18%        N/A       100%        8
 Death's Door             Necr           18%        N/A       100%        9


Dungeon Overview and Level Annotations

Branches:
Dungeon (15/15)            Temple (1/1) D:4            Lair (5/5) D:11
 Shoals (4/4) Lair:2       Spider (4/4) Lair:3        Slime (5/5) Lair:5
    Orc (2/2) D:10            Elf (3/3) Orc:2        Vaults (4/5) D:14
  Crypt (3/3) Vaults:2       Tomb (0/3) Crypt:3      Depths (4/4) D:15
    Zot (5/5) Depths:4    Ossuary (visited)           IceCv (visited)
Gauntlet (visited)

Altars:
Ashenzari
Cheibriados
Dithmenos
Elyvilon
Fedhas
Gozag
Hepliaklqana
Kikubaaqudgha
Makhleb
Nemelex Xobeh
Okawaru
Qazlal
Ru
Sif Muna
Trog
Uskayaw
Vehumet
Wu Jian
Xom
Yredelemnul
Zin
The Shining One
Jiyva

Shops:
D:6 **   Orc:1 :   Orc:2 ([:?=   Elf:1 =?([   Elf:2 [   Shoals:1 *   Shoals:4 ?
Vaults:1 =   Depths:3 **(   Depths:4 *

Portals:
Hell: Depths:1 Depths:2 Depths:3 Depths:4
Abyss: Depths:3 Depths:4
Pandemonium: Depths:1 Depths:2 Depths:4
Ziggurat: Depths:1

Annotations:
Elf:2 3 runed translucent doors
Zot:2 2 transporters


Message History

Your +2 hat of see invisible melds into your body.
Your +2 pair of gloves melds into your body.
Your +2 pair of boots of flying melds into your body.
The +2 robe of Disguise {rC+ Will+ Str+2} melds into your body.
You feel less perceptive.
Your roots penetrate the ground.
Casting: Plasma Beam (mildly dangerous; 1% risk of failure)
Confirm with . or Enter, or press ? or * to list all spells.
You begin accumulating electric charge. (Press . to continue charging.)
You feel charge building up...
You feel charge building up...
You feel charge building up...
The Tzitzimitl engulfs you but does no damage.
The Tzitzimitl bites you! You partially resist.
You feel drained.
You feel charge building up... The Tzitzimitl gestures at you.
The bolt of negative energy hits you but does no damage.
You partially resist.
The electricity discharges through the Tzitzimitl!!!!
The Tzitzimitl vaporises in an electric haze!
You kill the Tzitzimitl!
Vehumet accepts your kill.
You feel your power returning.
Your life force feels restored.
Your magical effects are unravelling.
You feel magically purged.
You feel less wooden.
Your +2 cloak of preservation unmelds from your body.
Your +2 hat of see invisible unmelds from your body.
Your +2 pair of gloves unmelds from your body.
Your +2 pair of boots of flying unmelds from your body.
The +2 robe of Disguise {rC+ Will+ Str+2} unmelds from your body.
You feel perceptive.
You fly up into the air.
Your enlightenment fades.
Really remove
P - an amulet of faith?
You start removing your amulet.
You continue taking off your amulet of faith. x4
You finish taking off your amulet of faith.
Vehumet seems less interested in you.
You feel less pious.
You have escaped!

#.#### #.##.#.# #.#.# #.# #.#
#.##.#.# #.#.# #.# #.#
#.##.#.# #.#.# #.#
#.######.##.#># #.#.###.#
#.............# ##.......#
..######....#####..#.########
#.# #....####..##........# ..#
#............#######.# ###
##.#.....@...# #.#
##............# #.#
#.............#######.##
#######........8.............#
#..#.>÷.#.....♣.....#######..#
..###..###..........# #..# .##
##..#....)......#######..#
..###.....#.........##.......#
...#)..#.####.########.#####.#


There were no monsters in sight!

Vanquished Creatures
  the Royal Jelly (Slime:5)
  5 dread liches
  An ancient lich (Zot:5)
  3 orbs of fire (Zot:5)
  Josephina (Zot:3)
  A juggernaut (Depths:4)
  6 Killer Klowns (Zot:5)
  Vv (Crypt:1)
  Bai Suzhen (Vaults:2)
  Saint Roka (Depths:4)
  Margery (Vaults:3)
  2 curse toes
  9 caustic shrikes (Depths:2)
  11 golden dragons
  Jory (Depths:3)
  A profane servitor (D:10)
  Arachne (Spider:4)
  A bone dragon (Crypt:3)
  3 electric golems
  A Tzitzimitl (D:1)
  13 tentacled monstrosities
  20 Orb Guardians
  Asterion (Spider:1)
  2 liches
  The ghost of Plog the Tortoise, an adept AtMo of Okawaru (Vaults:1)
  A deep elf blademaster (Elf:3)
  9 quicksilver dragons
  A titan (Depths:2)
  4 death cobs
  A kraken (Shoals:4)
  An Executioner (D:5)
  4 sphinxes
  Polyphemus (Shoals:2)
  7 acid blobs
  Frances (Spider:2)
  8 storm dragons
  4 ancient champions
  Roxanne (Elf:1)
  4 shadow dragons
  2 azure jellies
  7 draconian knights
  4 draconian monks
  13 rockslimes
  6 deep elf sorcerers (Elf:3)
  5 fire giants
  4 draconian scorchers
  An emperor scorpion (Spider:4)
  5 frost giants
  An iron dragon (Depths:2)
  6 vault wardens
  9 draconian shifters
  9 ghost moths
  10 ironbound preservers
  2 balrugs
  Louise (D:15)
  9 ghouls
  A juggernaut zombie (Crypt:1)
  A deep elf elementalist (Elf:3)
  2 curse skulls (Crypt:1)
  An orc warlord (Vaults:2)
  A caustic shrike zombie (Crypt:3)
  5 draconian stormcallers
  A caustic shrike skeleton (Crypt:2)
  2 reapers
  10 formless jellyfish
  8 quicksilver oozes
  6 very ugly things
  A broodmother (Spider:2)
  5 war gargoyles
  7 ironbound thunderhulks
  9 green draconians
  4 draconian annihilators
  8 vampire knights
  3 stone giants
  13 black draconians
  15 purple draconians
  6 white draconians
  A deep elf demonologist (Depths:3)
  A lorocyproca (Zot:3)
  14 spark wasps
  5 deep elf annihilators
  10 dire elephants
  A minotaur (Gauntlet)
  10 yellow draconians
  6 red draconians
  Snorg (Lair:4)
  5 eidola
  3 crystal guardians (Vaults:3)
  4 ettins
  7 jiangshi
  9 deep elf death magi
  3 merfolk javelineers
  3 deep elf high priests (Elf:3)
  A quicksilver dragon zombie (Crypt:2)
  7 yaktaur captains
  4 entropy weavers
  5 fire dragons
  5 ice dragons
  A quicksilver dragon skeleton (Crypt:3)
  3 spriggan air magi
  2 merfolk impalers
  6 great orbs of eyes
  A merfolk avatar (Lair:5)
  A hell beast (Depths:2)
  6 hydras
  2 rakshasas
  2 ogre magi (Orc:2)
  A jorogumo (Spider:2)
  5 vault guards
  A catoblepas (Shoals:2)
  9 centaur warriors
  4 peacekeepers (Vaults:3)
  3 merfolk aquamancers
  9 ironbound frosthearts
  3 two-headed ogres
  2 tengu warriors
  3 death knights
  An alligator snapping turtle (Shoals:1)
  4 boulder beetles
  A radroach (Spider:4)
  15 dancing weapons
  A deep troll earth mage (Depths:3)
  A satyr (Shoals:4)
  4 deep troll shamans
  8 death yaks
  3 vampire magi
  19 hell knights
  8 spriggan berserkers
  5 demonic crawlers
  2 soul eaters
  3 skysharks
  4 deep elf knights
  6 sun demons
  An emperor scorpion zombie (Crypt:1)
  4 pharaoh ants
  Amaemon (Lair:2)
  2 sixfirhies (Gauntlet)
  8 orb spiders
  A flayed ghost (Crypt:1)
  A spark wasp zombie (Depths:3)
  A sun moth (Spider:3)
  50 skeletal warriors
  4 sea snakes
  A shadow wraith (Crypt:1)
  29 deep trolls
  4 titan skeletons
  A glowing orange brain (Depths:4)
  7 ironbound convokers
  6 wizards
  An orange crystal statue (Zot:5)
  4 phantasmal warriors
  An iron giant skeleton (Crypt:2)
  2 steelbarb worms
  A shadow dragon zombie (Vaults:3)
  9 deep elf archers
  14 deep elf zephyrmancers
  3 harpies
  2 bunyip skeletons (Crypt:3)
  17 deep elf pyromancers
  2 orc knights
  6 necromancers
  9 orc sorcerers
  7 lindwurms
  A stone giant zombie (Crypt:2)
  A goliath frog skeleton (Crypt:1)
  24 ugly things
  12 wolf spiders
  6 cyclopes
  An oklob plant (Lair:5)
  5 shining eyes
  12 manticores
  7 fauns
  An elephant (Lair:5)
  24 moths of wrath
  2 guardian serpents (Depths:3)
  A frost giant zombie (Depths:3)
  2 naga zombies
  A black mamba (shapeshifter) (D:13)
  9 merfolk sirens
  5 torpor snails
  4 water nymphs
  A dire elephant zombie (Crypt:2)
  A rust devil (Depths:2)
  6 black mambas
  A water nymph (shapeshifter) (Depths:2)
  11 cane toads
  5 eyes of devastation
  6 smoke demons (Crypt:3)
  3 ice statues (IceCv)
  9 vault sentinels
  A naga skeleton (Crypt:3)
  An orange demon (Lair:2)
  A minotaur zombie (Crypt:1)
  7 gargoyles
  A catoblepas zombie (Crypt:2)
  2 large abominations (D:5)
  A dire elephant skeleton (Crypt:3)
  8 komodo dragons
  7 rime drakes
  An orc skeleton (Crypt:3)
  An unseen horror (D:11)
  A rime drake (shapeshifter) (D:15)
  28 yaktaurs
  An ice devil (Depths:2)
  2 guardian mummies
  An anaconda simulacrum (Crypt:2)
  A catoblepas skeleton (Crypt:2)
  3 freezing wraiths
  6 tengu conjurers
  A red devil (Crypt:3)
  A harpy zombie (Crypt:3)
  3 trolls
  8 merfolk
  6 meliai
  3 nameless horrors
  3 polar bears
  A harpy skeleton (Crypt:3)
  10 tarantellas
  3 wind drakes
  A hydra skeleton (Crypt:3)
  A hornet (Depths:3)
  A moth of wrath zombie (Crypt:2)
  12 dream sheep
  A fire giant simulacrum (Vaults:4)
  10 blink frogs
  11 jumping spiders
  A fire dragon zombie (Crypt:1)
  4 air elementals
  67 slime creatures
  A culicivora (shapeshifter) (Elf:3)
  14 culicivoras
  2 shadows (Crypt:3)
  10 water elementals
  2 flying skulls
  A black mamba zombie (Crypt:1)
  A spriggan (Lair:5)
  20 yaks
  13 wraiths
  2 wyverns
  A chaos spawn (Depths:2)
  2 neqoxecs
  A white draconian simulacrum (Zot:3)
  An ushabti (Crypt:3)
  18 golden eyes
  3 basilisks
  A black draconian simulacrum (Zot:3)
  2 steam dragons
  5 fire elementals (Elf:3)
  64 redbacks
  6 vampire mosquitoes
  A redback simulacrum (D:15)
  4 wargs (Orc:1)
  3 harpy simulacra
  2 acid dragons
  Edmund (D:5)
  11 water moccasins
  2 moth of wrath simulacra (Zot:3)
  An ogre zombie (Vaults:4)
  A floating eye (Depths:1)
  22 orc warriors
  3 human skeletons (Vaults:4)
  3 ice beasts (D:6)
  2 black bears
  A fire dragon simulacrum (Crypt:2)
  A boggart (Gauntlet)
  7 ogres
  2 wolves (D:12)
  8 centaurs
  Blork the orc (D:6)
  9 bullfrogs
  An elf zombie (Ossuary)
  3 gnoll sergeants
  3 necrophages
  10 earth elementals
  A scorpion (D:4)
  A troll zombie (Crypt:1)
  A water moccasin zombie (Crypt:1)
  13 wights
  A water moccasin skeleton (Crypt:1)
  8 killer bees
  An elephant simulacrum (IceCv)
  7 howler monkeys
  4 electric eels
  A centaur zombie (Ossuary)
  2 jellies (D:6)
  5 hounds
  Crazy Yiuf (D:5)
  A gnoll bouda (D:6)
  4 human zombies
  9 orc priests
  Jessica (D:2)
  A basilisk skeleton (Crypt:2)
  3 sleepcaps
  2 iguanas (D:5)
  25 orc wizards
  A polar bear simulacrum (IceCv)
  A wolf simulacrum (IceCv)
  A killer bee zombie (Crypt:2)
  Robin (D:2)
  11 mummies
  10 adders
  9 gnolls
  3 shadow imps
  2 white imps
  6 ufetubi
  An iguana skeleton (Crypt:1)
  An adder zombie (Ossuary)
  2 worms
  A dart slug (D:2)
  54 orcs
  8 ball pythons
  A bat zombie (Crypt:2)
  4 endoplasms
  4 giant cockroaches
  9 goblins
  13 hobgoblins
  5 jackals (D:4)
  3 quokkas
  3 bats
  5 frilled lizards
  3 goblin zombies
  2 hobgoblin zombies (Ossuary)
  2 jackal zombies (Ossuary)
  16 kobolds
  2 orc zombies (Ossuary)
  6 rats
  3 rat zombies
1732 creatures vanquished.

Vanquished Creatures (collateral kills)
  Parghit (Zot:3)
  2 Killer Klowns (Zot:5)
  2 golden dragons
  Jorgrun (Elf:2)
  A lich (Depths:2)
  A quicksilver dragon (Zot:5)
  Rupert (Lair:4)
  8 Orb Guardians
  Mlioglotl (Spider:3)
  2 acid blobs
  2 deep elf master archers (Elf:3)
  A death cob (Zot:5)
  A sphinx (Vaults:1)
  Donald (Spider:3)
  A shadow dragon (Vaults:3)
  A revenant (Crypt:2)
  6 azure jellies
  A fire giant (Depths:2)
  2 deep elf sorcerers
  3 frost giants
  3 vault wardens
  A curse skull (Crypt:3)
  A deep elf elementalist (Elf:3)
  A spriggan defender (Depths:2)
  4 quicksilver oozes
  An ophan (Depths:1)
  4 ironbound preservers
  3 stone giants
  2 orc warlords
  A war gargoyle (Vaults:3)
  3 very ugly things
  5 formless jellyfish
  An ironbound thunderhulk (Vaults:1)
  2 deep elf annihilators (Elf:3)
  2 vampire knights
  2 deep elf demonologists (Elf:3)
  3 white draconians (Zot:1)
  A spark wasp (Depths:2)
  A red draconian (Zot:5)
  4 dire elephants
  2 merfolk impalers
  4 ettins
  A deep elf death mage (Elf:3)
  2 spriggan zombies
  An entropy weaver (Vaults:4)
  A merfolk javelineer (Shoals:4)
  A jiangshi (Crypt:2)
  2 hydras
  2 fire dragons
  2 deep elf high priests (Elf:3)
  3 yaktaur captains
  3 rakshasas
  6 ice dragons
  4 great orbs of eyes
  A fenstrider witch zombie (Crypt:1)
  A hell beast (Depths:2)
  2 vault guards
  The ghost of senseless the Fighter, a journeyman DsSh of Okawaru (D:10)
  2 ironbound frosthearts
  A spriggan air mage (Depths:2)
  2 merfolk avatars
  A centaur warrior (D:15)
  An alligator snapping turtle (Shoals:4)
  2 jorogumos (Spider:4)
  A death knight (Crypt:1)
  3 death yaks
  3 merfolk aquamancers (Shoals:4)
  3 deep troll earth magi
  5 deep troll shamans
  A tengu warrior (Depths:4)
  4 satyrs
  A demonic crawler (Spider:4)
  2 spriggan berserkers (Depths:3)
  A vampire mage (Depths:2)
  A dancing weapon (Elf:1)
  A sun demon (Depths:4)
  2 spriggans (Depths:3)
  2 soul eaters
  2 deep elf knights (Elf:1)
  4 hell knights
  2 iron trolls (Depths:1)
  2 skeletal warriors (Crypt:1)
  A skyshark (Shoals:1)
  A bunyip zombie (Crypt:3)
  A pharaoh ant (Spider:3)
  7 sea snakes
  A deep elf archer (Elf:3)
  A glowing orange brain (Vaults:2)
  3 orb spiders
  7 harpies
  21 deep trolls
  2 flayed ghosts
  2 orc knights (Vaults:2)
  5 ironbound convokers
  2 necromancers
  A harpy (shapeshifter) (D:15)
  5 wizards
  A broodmother zombie (Crypt:2)
  A golden dragon skeleton (Crypt:2)
  3 lindwurms (Vaults:3)
  3 steelbarb worms
  15 deep elf zephyrmancers
  An orc sorcerer (Orc:2)
  2 oklob plants
  13 deep elf pyromancers
  A salamander (D:15)
  16 ugly things
  A fire giant zombie (Depths:3)
  2 manticores
  A shining eye (Slime:1)
  12 fauns
  5 wolf spiders
  A worldbinder (Gauntlet)
  3 cyclopes
  An eleionoma skeleton (Crypt:1)
  2 moths of wrath (Zot:1)
  3 vault sentinels
  An elephant (Lair:5)
  3 merfolk sirens
  3 eyes of devastation
  3 torpor snails
  8 black mambas
  A stone giant skeleton (Vaults:4)
  A fire giant skeleton (Vaults:3)
  A water nymph (Shoals:2)
  2 human skeletons
  4 cane toads
  A pale draconian zombie (Crypt:2)
  5 komodo dragons
  5 yaktaurs
  An ice devil (Zot:3)
  A harpy zombie (Crypt:1)
  11 merfolk
  A troll (Orc:2)
  3 hornets
  3 meliai (Spider:3)
  5 wind drakes
  2 polar bears
  7 tarantellas
  5 snapping turtles
  An ettin zombie (Vaults:3)
  8 dream sheep
  12 blink frogs
  7 jumping spiders
  43 slime creatures
  An air elemental (Elf:1)
  A spriggan (shapeshifter) (Elf:3)
  A flying skull (Crypt:1)
  10 culicivoras
  A wraith (D:11)
  7 water elementals
  13 yaks
  2 wyverns
  2 steam dragons (Shoals:4)
  9 redbacks
  A dire elephant simulacrum (IceCv)
  3 golden eyes
  2 vampire mosquitoes (D:12)
  2 death yak simulacra (IceCv)
  4 wargs
  A floating eye (Gauntlet)
  12 water moccasins
  8 orc warriors
  3 ogres
  5 centaurs
  2 bullfrogs
  9 wights (D:8)
  A raiju skeleton (Crypt:1)
  2 howler monkeys (D:10)
  2 centaur zombies (Ossuary)
  2 human zombies
  17 orc wizards
  A naga skeleton (Crypt:1)
  2 hound zombies (Ossuary)
  A gnoll (D:13)
  An adder (Lair:3)
  38 orcs
  4 goblin zombies (Ossuary)
  A hobgoblin zombie (Ossuary)
  3 jackal zombies (Ossuary)
  2 kobold zombies (Ossuary)
  2 orc zombies (Ossuary)
  3 rat zombies (Ossuary)
  A butterfly (Lair:2)
649 creatures vanquished.

Vanquished Creatures (others)
  An air elemental (Elf:3)
  An orc (Orc:1)
2 creatures vanquished.

Grand Total: 2383 creatures vanquished

Notes
Turn   | Place    | Note
-------+----------+-------------------------------------------
     0 | D:1      | PaperRat the Deep Elf Venom Mage began the quest for the
                  | Orb.
     0 | D:1      | Reached XP level 1. HP: 10/10 MP: 6/6
   215 | D:1      | Reached XP level 2. HP: 16/16 MP: 4/8
   285 | D:1      | Found a faded altar of an unknown god.
   369 | D:1      | Learned a level 2 spell: Poisonous Vapours
   614 | D:1      | Reached skill level 1 in Fighting
   961 | D:1      | Reached XP level 3. HP: 20/20 MP: 9/9
  1097 | D:1      | Learned a level 3 spell: Mephitic Cloud
  1332 | D:2      | Noticed Robin
  1350 | D:2      | Killed Robin
  1351 | D:2      | Reached skill level 1 in Air Magic
  1636 | D:2      | Noticed Jessica
  1643 | D:2      | Killed Jessica
  1644 | D:2      | Reached XP level 4. HP: 26/26 MP: 1/10
  2130 | D:2      | Learned a level 3 spell: Stone Arrow
  2376 | D:2      | Reached skill level 1 in Conjurations
  2795 | D:3      | Found a blossoming altar of Fedhas.
  3321 | D:3      | Reached skill level 1 in Earth Magic
  3626 | D:4      | Reached XP level 5. HP: 30/30 MP: 7/11
  4319 | D:4      | Reached XP level 6. HP: 35/35 MP: 4/12
  5181 | D:4      | Found a staircase to the Ecumenical Temple.
  5190 | Temple   | Entered the Ecumenical Temple
  5454 | D:4      | Got the Codex of the Aerial Gang
  5556 | D:5      | Entered Level 5 of the Dungeon
  6080 | D:5      | Reached skill level 1 in Evocations
  6308 | D:5      | Noticed Edmund
  6312 | D:5      | Reached XP level 7. HP: 37/40 MP: 2/13
  6616 | D:5      | Killed Edmund
  6784 | D:5      | Found a radiant altar of Vehumet.
  6792 | D:5      | Became a worshipper of Vehumet
  6802 | D:5      | Identified the +10 falchion of Okawaru's Regard {venom,
                  | Dex+3 Stlth+}
  7028 | D:5      | Found a runed translucent door.
  7029 | D:5      | Noticed Crazy Yiuf
  7132 | D:6      | Found an opulent altar of Gozag.
  7367 | D:6      | Reached skill level 5 in Conjurations
  7405 | D:6      | Found Jellar's Assorted Antiques.
  7422 | D:6      | Bought a scroll of identify for 36 gold pieces
  7422 | D:6      | Bought a dark potion for 16 gold pieces
  7433 | D:6      | Found Gozag's Platinum Reserve.
  7634 | D:6      | Noticed Blork the orc
  7639 | D:6      | Killed Blork the orc
  7640 | D:6      | Reached skill level 5 in Earth Magic
  7640 | D:6      | Reached XP level 8. HP: 45/45 MP: 1/16
  8064 | D:6      | Found a shimmering altar of Xom.
  8076 | D:6      | Identified a scroll of acquirement
  8077 | D:6      | Acquired the ring "Uhusem" {rElec rC+ EV+5}
  8170 | D:6      | Learned a level 4 spell: Summon Lightning Spire
  8447 | D:6      | Reached skill level 1 in Summonings
  8908 | D:6      | Found a bloodstained altar of Trog.
  9314 | D:7      | Reached XP level 9. HP: 52/52 MP: 11/17
  9447 | D:7      | Reached * piety under Vehumet
  9447 | D:7      | Offered knowledge of Freeze by Vehumet.
  9715 | D:7      | Reached skill level 5 in Summonings
  9715 | D:7      | Reached skill level 5 in Air Magic
  9820 | D:7      | Found a sparkling altar of Nemelex Xobeh.
 10013 | D:7      | Learned a level 3 spell: Swiftness
 10411 | D:7      | Found a white marble altar of Elyvilon.
 10611 | D:8      | Found a sand-covered staircase.
 10629 | Ossuary  | Entered an ossuary
 10746 | Ossuary  | Reached ** piety under Vehumet
 10746 | Ossuary  | Offered knowledge of Kiss of Death by Vehumet.
 11335 | D:8      | Offered knowledge of Searing Ray by Vehumet.
 11348 | D:8      | Reached XP level 10. HP: 58/58 MP: 1/19
 11535 | D:8      | Reached skill level 5 in Stealth
 11535 | D:8      | Reached skill level 5 in Spellcasting
 11699 | D:8      | Reached skill level 5 in Dodging
 11706 | D:8      | Reached *** piety under Vehumet
 11890 | D:8      | Found a broken altar of Ashenzari.
 11974 | D:8      | Noticed a six-headed hydra
 12008 | D:8      | Killed a six-headed hydra
 12511 | D:9      | Noticed a white ugly thing
 12621 | D:9      | Found a shimmering blue altar of Sif Muna.
 12662 | D:9      | Killed a white ugly thing
 12663 | D:9      | Reached skill level 5 in Fighting
 12894 | D:9      | Found an ornate altar of the Wu Jian Council.
 13165 | D:9      | Offered knowledge of Frozen Ramparts by Vehumet.
 13593 | D:9      | Learned a level 6 spell: Plasma Beam
 13594 | D:10     | Entered Level 10 of the Dungeon
 13835 | D:10     | Reached skill level 1 in Fire Magic
 14099 | D:10     | Found a hazy altar of Hepliaklqana.
 14133 | D:10     | Found a staircase to the Orcish Mines.
 14139 | D:10     | Found a runed translucent gate.
 14140 | D:10     | Found a runed translucent gate.
 14140 | D:10     | Noticed senseless's ghost (journeyman DsSh)
 14142 | D:10     | Found a runed translucent gate.
 14144 | D:10     | Identified the +9 plate armour of Keohy {*Slow Will+ SInv
                  | Stlth+}
 14332 | D:10     | Noticed a gargoyle
 14375 | D:10     | Killed a gargoyle
 14376 | D:10     | Reached XP level 11. HP: 64/64 MP: 9/23
 14665 | D:10     | Reached **** piety under Vehumet
 14718 | D:10     | Noticed a two-headed ogre
 14734 | D:10     | Killed a two-headed ogre
 14951 | D:10     | Identified the +2 robe of Disguise {rC+ Will+ Str+2}
 15066 | D:10     | Offered knowledge of Fireball by Vehumet.
 15068 | D:10     | Reached skill level 10 in Air Magic
 15216 | D:10     | Killed senseless's ghost
 15217 | D:10     | Reached skill level 5 in Fire Magic
 15485 | D:11     | Found a staircase to the Lair.
 15487 | D:11     | Noticed an oklob plant
 15503 | D:11     | Killed an oklob plant
 15584 | D:11     | Noticed a deep elf pyromancer
 15591 | D:11     | Killed a deep elf pyromancer
 15617 | D:11     | Reached skill level 1 in Shields
 15767 | Lair:1   | Entered Level 1 of the Lair of Beasts
 15949 | Lair:1   | Noticed a boulder beetle
 15962 | Lair:1   | Killed a boulder beetle
 16054 | Lair:1   | Noticed an oklob plant
 16066 | Lair:1   | Killed an oklob plant
 17099 | D:5      | Killed Crazy Yiuf
 17100 | D:5      | Reached skill level 5 in Evocations
 17391 | Lair:2   | Noticed Amaemon
 17447 | Lair:2   | Killed Amaemon
 17578 | Lair:2   | Reached XP level 12. HP: 70/70 MP: 10/26
 18046 | Lair:2   | Found a staircase to the Shoals.
 18113 | Lair:2   | Noticed a six-headed hydra
 18116 | Lair:2   | Killed a six-headed hydra
 19047 | Lair:2   | Learned a level 4 spell: Airstrike
 19063 | Lair:3   | Reached ***** piety under Vehumet
 19175 | Lair:3   | Offered knowledge of Flame Wave by Vehumet.
 19919 | Lair:3   | Found the +8 whip "Snakebite" {venom, curare, rPois}
 20224 | Lair:3   | Found a hole to the Spider Nest.
 20994 | Lair:4   | Reached XP level 13. HP: 74/74 MP: 12/27
 21271 | Lair:4   | Noticed Snorg
 21275 | Lair:4   | Killed Snorg
 21797 | Lair:4   | Noticed Rupert
 21833 | Lair:4   | Killed Rupert
 22141 | Lair:4   | Offered knowledge of Leda's Unmaking by Vehumet.
 22370 | Lair:5   | Entered Level 5 of the Lair of Beasts
 22547 | Lair:5   | Reached skill level 10 in Spellcasting
 22778 | Lair:5   | Reached skill level 15 in Air Magic
 23525 | Lair:5   | Reached XP level 14. HP: 83/83 MP: 2/30
 24291 | Lair:5   | Reached skill level 10 in Summonings
 24828 | Lair:5   | Found a viscous altar of Jiyva.
 24832 | Lair:5   | Reached skill level 10 in Conjurations
 24840 | Lair:5   | Learned a level 7 spell: Spellforged Servitor
 24885 | Lair:5   | Found a staircase to the Slime Pits.
 24946 | Lair:5   | Offered knowledge of Eringya's Noxious Bog by Vehumet.
 26323 | Orc:1    | Entered Level 1 of the Orcish Mines
 26323 | Orc:1    | Noticed an orc warlord
 26323 | Orc:1    | Found Vosmea's Book Shoppe.
 26332 | Orc:1    | Killed an orc warlord
 27044 | Orc:1    | Identified the +1 ring mail of Opsyv {Slay+3}
 27298 | Orc:1    | Found a bloodstained altar of Trog.
 27674 | Orc:2    | Entered Level 2 of the Orcish Mines
 27674 | Orc:2    | Found a staircase to the Elven Halls.
 27674 | Orc:2    | Found Fuas's Jewellery Boutique.
 27684 | Orc:2    | Offered knowledge of Conjure Ball Lightning by Vehumet.
 28715 | Orc:2    | Found Vuhotut's Magic Scroll Emporium.
 28728 | Orc:2    | Bought a scroll of identify for 22 gold pieces
 28728 | Orc:2    | Bought a scroll of summoning for 104 gold pieces
 28728 | Orc:2    | Bought a scroll of identify for 22 gold pieces
 28732 | Orc:2    | Bought a scroll of fear for 44 gold pieces
 28745 | Orc:2    | Found a radiant altar of Vehumet.
 29152 | Orc:2    | Found Joigoah's Antique Armour Shoppe.
 29211 | Orc:2    | Found an ancient bone altar of Kikubaaqudgha.
 29241 | Orc:2    | Found Yfeap's Book Shoppe.
 29281 | Orc:2    | Found Imuq's Antique Weapon Emporium.
 29466 | D:12     | Found a gate leading to a gauntlet.
 29488 | Gauntlet | Entered a Gauntlet
 29488 | Gauntlet | Found a transporter.
 29488 | Gauntlet | Found a transporter.
 29490 | Gauntlet | Found a transporter.
 29495 | Gauntlet | Found a transporter.
 29495 | Gauntlet | Found a transporter.
 29505 | Gauntlet | Found a transporter.
 29513 | Gauntlet | Found a transporter.
 29519 | Gauntlet | Found a transporter.
 29520 | Gauntlet | Found a transporter.
 29542 | Gauntlet | Found a transporter.
 29563 | Gauntlet | Found a transporter.
 29656 | Gauntlet | Found a transporter.
 29745 | Gauntlet | Got the Collected Works on Points and the Entourage
 29800 | Gauntlet | Identified the ring "Onufis" {rPois Str+2 Int+3}
 29945 | Gauntlet | Identified the +0 scale mail of Seryok Oses {Dex+2}
 29945 | Gauntlet | Identified the +7 quarterstaff of Pandemonium {venom,
                  | rElec}
 29946 | Gauntlet | Got Tirghij's Directory of Firn and Austromancy
 30085 | D:12     | Found a frozen archway.
 30087 | D:12     | Offered knowledge of Arcjolt by Vehumet.
 30098 | D:12     | Reached XP level 15. HP: 56/90 MP: 2/31
 30160 | IceCv    | Entered an ice cave
 30201 | IceCv    | Reached skill level 10 in Dodging
 30325 | IceCv    | Found the +10 dark maul {heavy}
 30331 | IceCv    | Identified the +0 leather armour of the Original Sin {rC+}
 30742 | D:12     | You are sucked into a shaft and drop 2 floors!
 31395 | D:13     | Learned a level 5 spell: Arcjolt
 32077 | D:13     | Noticed Sonja
 32078 | D:13     | Sonja changed into Sonja the bullfrog
 32078 | D:13     | Noticed Sonja
 32079 | D:13     | Killed Sonja the bullfrog
 32388 | D:14     | Found a gate to the Vaults.
 33235 | D:15     | Entered Level 15 of the Dungeon
 33277 | D:15     | Offered knowledge of Yara's Violent Unravelling by Vehumet.
 33552 | D:15     | Reached skill level 1 in Armour
 33593 | D:15     | Found a shadowy altar of Dithmenos.
 33650 | D:15     | Identified the +6 tower shield of the Candlemaker {Harm
                  | Str+2 Dex+3}
 33650 | D:15     | Noticed Louise
 33655 | D:15     | Killed Louise
 33908 | D:15     | Found a staircase to the Depths.
 34501 | Orc:2    | Bought a scroll of enchant armour for 82 gold pieces
 34501 | Orc:2    | Bought a scroll of fear for 44 gold pieces
 34502 | Orc:2    | Bought a scroll of enchant armour for 82 gold pieces
 34713 | Spider:1 | Entered Level 1 of the Spider Nest
 34743 | Spider:1 | Upgraded the game from 0.31-a0-339-gda1cbd555d to
                  | 0.31-a0-344-gd109795599
 34767 | Spider:1 | Noticed Asterion
 34776 | Spider:1 | Killed Asterion
 35687 | Spider:1 | Reached XP level 16. HP: 97/97 MP: 9/33
 35899 | Spider:2 | Noticed Frances
 35904 | Spider:2 | Killed Frances
 35971 | Spider:2 | Offered knowledge of Orb of Destruction by Vehumet.
 36455 | Spider:2 | Reached skill level 10 in Fighting
 37263 | Spider:3 | Noticed Mlioglotl
 37276 | Spider:3 | Killed Mlioglotl
 37772 | Spider:3 | Noticed Donald
 37774 | Spider:3 | Killed Donald
 38020 | Spider:3 | Learned a level 4 spell: Iskenderun's Mystic Blast
 38021 | Spider:4 | Entered Level 4 of the Spider Nest
 38353 | Spider:4 | Noticed Arachne
 38366 | Spider:4 | Killed Arachne
 38366 | Spider:4 | Reached ****** piety under Vehumet
 38368 | Spider:4 | Offered knowledge of Lehudib's Crystal Spear by Vehumet.
 38368 | Spider:4 | Offered knowledge of Chain Lightning by Vehumet.
 38368 | Spider:4 | Offered knowledge of Maxwell's Capacitive Coupling by
                  | Vehumet.
 38483 | Spider:4 | Found the amulet of Vitality {RegenMP++ Regen++}
 38910 | Spider:4 | Reached XP level 17. HP: 104/104 MP: 19/35
 39616 | Spider:4 | Got a gossamer rune of Zot
 39965 | Shoals:1 | Entered Level 1 of the Shoals
 40036 | Shoals:1 | Acquired 542 gold pieces
 40101 | Shoals:1 | You are sucked into a shaft and drop 1 floor!
 40214 | Shoals:1 | Found Quesekog's Assorted Antiques.
 41018 | Shoals:2 | Noticed Polyphemus
 41024 | Shoals:2 | Killed Polyphemus
 42473 | Shoals:4 | Entered Level 4 of the Shoals
 42578 | Shoals:4 | Found Quruvol's Magic Scroll Shoppe.
 42764 | Shoals:4 | Reached skill level 10 in Stealth
 42855 | Shoals:4 | Learned a level 2 spell: Blink
 42893 | Shoals:4 | Reached skill level 1 in Translocations
 42911 | Shoals:4 | Reached skill level 15 in Conjurations
 42911 | Shoals:4 | Reached XP level 18. HP: 111/111 MP: 15/37
 43182 | Shoals:4 | Identified the staff of the Hierophant {rElec Earth}
 43308 | Shoals:4 | Reached skill level 10 in Evocations
 43548 | Shoals:4 | Got a barnacled rune of Zot
 43674 | Shoals:4 | Learned a level 8 spell: Maxwell's Capacitive Coupling
 43681 | Shoals:4 | Learned a level 5 spell: Yara's Violent Unravelling
 43849 | Elf:1    | Entered Level 1 of the Elven Halls
 43871 | Elf:1    | Found a radiant altar of Vehumet.
 43881 | Elf:1    | Reached skill level 1 in Hexes
 44259 | Elf:1    | Noticed Roxanne
 44276 | Elf:1    | Killed Roxanne
 44359 | Elf:1    | Found Hovuqe's Antique Armour Emporium.
 44359 | Elf:1    | Found Xagogod's Jewellery Shoppe.
 44360 | Elf:1    | Found Renoora's Antique Weapon Emporium.
 44362 | Elf:1    | Found Saokeschetu's Magic Scroll Shoppe.
 44370 | Elf:1    | Bought a scroll of blinking for 112 gold pieces
 45035 | Elf:1    | Learned a level 5 spell: Irradiate
 45265 | Elf:2    | Paralysed by an air elemental for 1 turns
 45480 | Elf:2    | Noticed Jorgrun
 45485 | Elf:2    | Killed Jorgrun
 45500 | Elf:2    | Found a runed translucent gate.
 45501 | Elf:2    | Found a runed translucent gate.
 45501 | Elf:2    | Found a runed translucent gate.
 45604 | Elf:2    | Found Iviel's Antique Armour Emporium.
 45783 | Elf:2    | Bought a pair of runed gloves for 285 gold pieces
 45845 | Elf:1    | Bought a pair of embroidered gloves for 262 gold pieces
 45848 | Elf:1    | Bought a fine dagger for 189 gold pieces
 45848 | Elf:1    | Identified the +10 dagger of Wonderful Duty {heavy, rC+}
                  | (You bought it in a shop on level 1 of the Elven Halls)
 45848 | Elf:1    | Bought a polished rapier for 243 gold pieces
 45848 | Elf:1    | Identified the +5 rapier of Fortitude {freeze, rPois Will-
                  | Str+2} (You bought it in a shop on level 1 of the Elven
                  | Halls)
 46004 | D:6      | Bought a potion of enlightenment for 90 gold pieces
 46004 | D:6      | Bought 2 potions of curing for 108 gold pieces
 46153 | Elf:3    | Entered Level 3 of the Elven Halls
 46169 | Elf:3    | Reached skill level 5 in Hexes
 46192 | Elf:3    | Reached skill level 5 in Transmutations
 46200 | Elf:3    | Reached skill level 15 in Dodging
 46211 | Elf:3    | Reached XP level 19. HP: 115/118 MP: 12/39
 46283 | Elf:3    | Identified the +1 leather armour "Wyhi" {+Blink rF+ rC-}
 46321 | Elf:3    | Identified the ring "Zub Add" {Ice Slay+3}
 46453 | Elf:3    | Found the +11 plutonium sword {Contam Stlth-}
 46528 | Elf:3    | Identified the +6 war axe of the Living Dead {antimagic,
                  | rC+ Dex+2}
 46537 | Elf:3    | Identified the staff of the Valley {*Slow +Blink rC++ Fire
                  | Earth}
 46545 | Elf:3    | Identified the +0 chain mail of Sloth {rF+++ Str-5 Dex+3}
 46556 | Elf:3    | Identified the +9 trident "Sios" {heavy, Dex+3}
 46565 | Elf:3    | Identified the staff "Cycwaoli" {rPois rF+ Str+3 Stlth-
                  | Fire Poison}
 46612 | Elf:3    | Identified the ring of Beogh's Envy {Drain rElec rC+++
                  | Int+6 Stlth-}
 46632 | Elf:3    | Identified the ring "Axonk" {Ice rCorr Slay+6 SInv Stlth-}
 46678 | Elf:3    | Learned a level 2 spell: Passwall
 46907 | Elf:3    | Reached skill level 15 in Spellcasting
 47823 | D:14     | Learned a level 5 spell: Lee's Rapid Deconstruction
 47824 | Vaults:1 | Entered Level 1 of the Vaults
 47888 | Vaults:1 | Found a runed translucent door.
 47891 | Vaults:1 | Noticed Plog's ghost (adept AtMo)
 47909 | Vaults:1 | Killed Plog's ghost
 48000 | Vaults:1 | Paralysed by a sphinx for 5 turns
 48033 | Vaults:1 | Found Sefickuo's Jewellery Emporium.
 49196 | Vaults:2 | Found a staircase to the Crypt.
 49461 | Vaults:2 | Noticed Bai Suzhen
 49503 | Vaults:2 | Killed Bai Suzhen
 49504 | Vaults:2 | Reached XP level 20. HP: 111/125 MP: 42/42
 49977 | Vaults:2 | Identified the ring of Kyifaumm {rF- Str+6 Int+4 Slay+3
                  | Stlth+}
 51490 | Vaults:3 | Identified the +4 scale mail "Ifegeng" {rF+ Dex+4}
 51564 | Vaults:3 | Noticed Margery
 51570 | Vaults:3 | Killed Margery
 51617 | Vaults:3 | Acquired 728 gold pieces
 51689 | Vaults:3 | You are sucked into a shaft and drop 1 floor!
 51849 | Vaults:4 | Reached XP level 21. HP: 132/132 MP: 26/43
 52106 | Vaults:4 | Reached skill level 15 in Fighting
 53253 | Slime:1  | Entered Level 1 of the Pits of Slime
 54053 | Slime:4  | Found a viscous altar of Jiyva.
 54317 | Slime:5  | Entered Level 5 of the Pits of Slime
 54342 | Slime:5  | Noticed the Royal Jelly
 54349 | Slime:5  | Killed the Royal Jelly
 54402 | Slime:5  | Identified the +0 robe "Noips" {Will++}
 54406 | Slime:5  | Identified the +8 scimitar "Qobram" {freeze, *Rage rElec
                  | Dex+5}
 54419 | Slime:5  | Identified the -1 kite shield of the Leaf {Dex+5}
 54444 | Slime:5  | Identified the +5 great mace of Fedhas's Anger {freeze, rF+
                  | rC+ rCorr Str-5}
 54475 | Slime:5  | Identified the +10 dagger of Sloth {drain, rPois rF+++ rN+}
 54477 | Slime:5  | Identified the +2 robe of Rationality {rN+ Will+ rCorr
                  | Dex-5}
 54478 | Slime:5  | Identified the +6 dagger of Fixation {heavy, Int+3}
 54479 | Slime:5  | Identified the +1 robe of the Shining Light {Str+2}
 54503 | Slime:5  | Got a slimy rune of Zot
 54525 | Slime:5  | Identified the +7 whip of Grontol {heavy, rN+ Will+ Dex+3}
 54546 | Slime:5  | Got the Textbook on Amassed Combustion
 54903 | Depths:1 | Entered Level 1 of the Depths
 54937 | Depths:1 | Paralysed by a great orb of eyes for 2 turns
 54940 | Depths:1 | Reached XP level 22. HP: 142/142 MP: 26/44
 54982 | Depths:1 | Identified the +4 rapier "Sunoshru" {protect, *Slow rPois
                  | Int+4 Dex+3}
 54996 | Depths:1 | Paralysed by a floating eye for 2 turns
 55340 | Depths:1 | Found a gateway to Hell.
 55491 | Depths:1 | Found a one-way gate leading to the halls of Pandemonium.
 55694 | Depths:1 | Found a one-way gateway to a ziggurat.
 56215 | Orc:2    | Learned a level 9 spell: Chain Lightning
 56827 | Depths:2 | Noticed a caustic shrike
 56827 | Depths:2 | Noticed a caustic shrike
 56828 | Depths:2 | Noticed a caustic shrike
 56828 | Depths:2 | Noticed a caustic shrike
 56829 | Depths:2 | Killed a caustic shrike
 56829 | Depths:2 | Noticed a caustic shrike
 56832 | Depths:2 | Killed a caustic shrike
 56834 | Depths:2 | Killed a caustic shrike
 56835 | Depths:2 | Killed a caustic shrike
 56837 | Depths:2 | Killed a caustic shrike
 57087 | Depths:2 | Noticed a caustic shrike
 57096 | Depths:2 | Killed a caustic shrike
 57096 | Depths:2 | Noticed a caustic shrike
 57528 | Depths:2 | Identified the +5 falchion of Resourcefulness {venom, rElec
                  | Str+3 Int+2}
 57554 | Depths:2 | Noticed a golden dragon
 57560 | Depths:2 | Killed a golden dragon
 57591 | Depths:2 | Noticed a caustic shrike
 57595 | Depths:2 | Killed a caustic shrike
 57599 | Depths:2 | Killed a caustic shrike
 57614 | Depths:2 | Noticed a caustic shrike
 57619 | Depths:2 | Killed a caustic shrike
 57650 | Depths:2 | Found a snail-covered altar of Cheibriados.
 57869 | Depths:3 | Found Gozag's Antique Weapon Shop.
 57870 | Depths:3 | Noticed a golden dragon
 57893 | Depths:3 | Reached XP level 23. HP: 147/147 MP: 26/47
 57960 | Depths:3 | Noticed Jory
 57976 | Depths:3 | Killed Jory
 58059 | Depths:3 | Found Gozag's Assorted Antiques.
 58059 | Depths:3 | Found an opulent altar of Gozag.
 58061 | Depths:3 | Found Gozag's Assorted Antiques.
 58230 | Depths:3 | Found a one-way gate to the infinite horrors of the Abyss.
 58348 | Depths:3 | Found a white marble altar of Elyvilon.
 59053 | Depths:3 | Learned a level 8 spell: Lehudib's Crystal Spear
 59054 | Depths:4 | Entered Level 4 of the Depths
 59287 | Depths:4 | Noticed Saint Roka
 59299 | Depths:4 | Killed Saint Roka
 59323 | Depths:4 | Noticed a juggernaut
 59327 | Depths:4 | Killed a juggernaut
 59572 | Depths:4 | Reached skill level 1 in Invocations
 59673 | Depths:4 | Found a gate to the Realm of Zot.
 60035 | Depths:4 | Found Big Baal Hell's Store.
 60044 | Depths:4 | Bought the ring of the Final Decision {rF+ rC- rN+ Dex+5
                  | SInv} for 2897 gold pieces
 60232 | Zot:1    | Entered Level 1 of the Realm of Zot
 60273 | Zot:1    | Reached skill level 5 in Invocations
 61445 | Crypt:1  | Entered Level 1 of the Crypt
 61529 | Crypt:1  | Noticed Vv
 61545 | Crypt:1  | Killed Vv
 61603 | Crypt:1  | Reached skill level 10 in Invocations
 61793 | Crypt:1  | Reached XP level 24. HP: 152/152 MP: 32/48
 61971 | Crypt:1  | Identified the +1 robe of Heblen {rCorr}
 62243 | Crypt:1  | Found an ancient bone altar of Kikubaaqudgha.
 63020 | Crypt:2  | Identified the +0 leather armour of the Taurataur {Str+3}
 63708 | Crypt:3  | Entered Level 3 of the Crypt
 63826 | Crypt:3  | Reached skill level 15 in Invocations
 64744 | Crypt:3  | Found a staircase to the Tomb.
 65117 | Crypt:3  | Noticed a dread lich
 65121 | Crypt:3  | Killed a dread lich
 65219 | Crypt:3  | Found an ancient bone altar of Kikubaaqudgha.
 65223 | Crypt:3  | Noticed a dread lich
 65224 | Crypt:3  | Noticed a dread lich
 65228 | Crypt:3  | Killed a dread lich
 65233 | Crypt:3  | Killed a dread lich
 65233 | Crypt:3  | Noticed a dread lich
 65246 | Crypt:3  | Killed a dread lich
 65407 | Crypt:3  | Got the Catalogue of Unholy Words
 65600 | Crypt:3  | Acquired the ring of the Hare {EV+10}
 65600 | Crypt:3  | Found the ring of the Hare {EV+10}
 65959 | Zot:2    | Identified the +4 halberd "Poetwyf" {pain, Int+5 Dex-4}
 66081 | Zot:2    | Identified the +3 morningstar of Nightmares {heavy, rF+ rC+
                  | rN++ Int-4}
 66092 | Zot:2    | Found a transporter.
 66092 | Zot:2    | Found a transporter.
 66121 | Zot:2    | Noticed an orb of fire
 66131 | Zot:2    | Identified the amulet "Ijipsaip" {Reflect MP-9 Str+2 Int+2
                  | SH+5}
 66410 | Zot:2    | Reached XP level 25. HP: 150/157 MP: 46/48
 66725 | Zot:3    | Identified the ring "Luoho" {Ice rElec rN+ Will+ Str+3
                  | Int-5}
 66725 | Zot:3    | Noticed Josephina
 66996 | Zot:3    | Killed Josephina
 67122 | Zot:3    | Noticed Parghit
 67128 | Zot:3    | Killed Parghit
 68468 | Zot:4    | Identified the +5 sling of Lies {antimagic, Str+3 Int+3}
 68772 | Zot:5    | Entered Level 5 of the Realm of Zot
 68781 | Zot:5    | Learned a level 3 spell: Swiftness
 68787 | Zot:5    | Learned a level 5 spell: Summon Forest
 69276 | Zot:5    | Noticed an orb of fire
 69285 | Zot:5    | Killed an orb of fire
 69310 | Zot:5    | Noticed a Killer Klown
 69315 | Zot:5    | Killed a Killer Klown
 69325 | Zot:5    | Identified the +8 quarterstaff "Bufi Laa" {protect, rN+}
 69351 | Zot:5    | Noticed an ancient lich
 69355 | Zot:5    | Killed an ancient lich
 69371 | Zot:5    | Noticed a Killer Klown
 69373 | Zot:5    | Killed a Killer Klown
 69373 | Zot:5    | Noticed a Killer Klown
 69386 | Zot:5    | Killed a Killer Klown
 69419 | Zot:5    | Reached XP level 26. HP: 164/164 MP: 42/48
 69450 | Zot:5    | Noticed an orb of fire
 69454 | Zot:5    | Killed an orb of fire
 69466 | Zot:5    | Noticed a dread lich
 69475 | Zot:5    | Killed a dread lich
 69674 | Zot:5    | Noticed an orb of fire
 69679 | Zot:5    | Killed an orb of fire
 70183 | Zot:5    | Got the Orb of Zot
 70593 | D:7      | Noticed Soishraig the pandemonium lord
 70760 | D:2      | Noticed Ehubymek the pandemonium lord
 70803 | D:$      | Escaped with the Orb!

Illustrated notes

Levels and vault maps discovered:
D:1:      wander_arrival_peaceful_grave, layout_loops_ring,
          nicolae_ecumenical_snake_handling, nicolae_twisty_statue_hallways
D:2:      layout_basic, serial_bayou, serial_bayou_pond_d, serial_bayou_ford_a,
          serial_bayou_pond_a, serial_bayou_pond_d, serial_bayou_lagoon_a,
          uniq_jessica, uniq_robin
D:3:      layout_loops_corners, mainiacjoe_overflow_six_doors_small
D:4:      layout_loops_ring, minmay_temple_entry_antechambers,
          minmay_goblin_kobold_house
D:5:      layout_cave_pools, nicolae_vehumet_radiance, uniq_crazy_yiuf_cottage,
          uniq_edmund
D:6:      layout_gridville, bloody_trog, nicolae_gozag_zags_fifth_avenue,
          xom_teletrap_fun, serial_shops, nicolae_shop_crystal,
          minmay_checkerbox, uniq_blork_the_orc
D:7:      layout_loops_corners, kennysheep_mini_moat,
          mainiacjoe_overflow_tiny_flanked, grunt_ministairs_6
D:8:      layout_rooms, kennysheep_little_box, enter_ossuary_4,
          minmay_manual_moon
D:9:      layout_basic, mainiacjoe_overflow_paths,
          nicolae_overflow_crystal_walls
D:10:     minmay_bubble_buster, layout_small_grid, marbit_many_paths,
          orc_0_dummy, biasface_ghost_orc_armoury
D:11:     layout_stronghold, dpeg_oklobed_lair, chequers_serial_rivers_micro_d,
          solitary_fountain, minmay_starry_boxes
D:12:     layout_basic, portal_ice_cave_entry_animals_and_master,
          gauntlet_entry_generic, serial_rivers, chequers_serial_rivers_room_b,
          chequers_serial_rivers_small_3, chequers_serial_rivers_micro_d,
          chequers_serial_rivers_small_a, chequers_serial_rivers_small_3,
          chequers_serial_rivers_micro_b
D:13:     layout_loops_ring, drop_trap, uniq_sonja
D:14:     layout_cross, david_vaults_2, grunt_decor_fettered
D:15:     hangedman_depths_entry_try_elsewhere_first, layout_irregular_city,
          grunt_dithmenos_smoke, uniq_louise
Temple:   minmay_freezing_vapour_temple
Lair:1:   layout_small_grid, grunt_megastairs_2
Lair:2:   layout_cave_pods, elwin_shoals_entry_rooms, lemuel_fruit_fields,
          infiniplex_staircase_pool_2, uniq_amaemon
Lair:3:   minmay_guarded_unrand_snakebite, layout_long_grid,
          spider_nest_entry_funnel_web
Lair:4:   layout_regular_city, beast_lair_carwin_3, uniq_snorg, uniq_rupert
Lair:5:   gammafunk_lair_ancient_temple, layout_cave_pods,
          minmay_slime_entry_oklob_enclosed, grunt_forest_large_clearing_hut
Shoals:1: layout_shoals, serial_shops, shop
Shoals:2: layout_shoals, uniq_polyphemus
Shoals:3: layout_shoals
Shoals:4: shoals_end_hangedman, layout_shoals, serial_shops,
          nicolae_shop_tiny_glass, nicolae_shoals_drake_roost
Spider:1: layout_cave_pods, hangedman_spider_tarantella_strand, uniq_asterion
Spider:2: layout_spider_delve, hangedman_spider_mandibles, drop_trap,
          nicolae_spider_spiderdrome, uniq_frances
Spider:3: layout_cave_pods, nicolae_spider_cling_halls, uniq_mlioglotl,
          uniq_donald
Spider:4: johnstein_spider_rune_arachne_lair, guppyfry_hornet_nest
Slime:1:  layout_caves
Slime:2:  layout_caves
Slime:3:  layout_caves
Slime:4:  layout_caves, basic_altar
Slime:5:  slime_pit_nicolae_jellycorners
Orc:1:    nicolae_orc_accident_1, layout_caves, basic_altar, serial_shops, shop,
          nooodl_orcs_dogs
Orc:2:    kennysheep_orc_mage_school, layout_diamond_mine, serial_shops, shop
Elf:1:    eino_elf_arrival_altar, layout_loops_corners,
          minmay_elf_crystal_hexagon, drop_trap, minmay_shoptagon, uniq_roxanne
Elf:2:    nicolae_elf_blades_crystal_corner, layout_loops_corners, serial_shops,
          shop, uniq_aizul, uniq_jorgrun
Elf:3:    minmay_elf_hall_spiked, layout_gridlike, onia_ninara_cookie
Vaults:1: hellmonk_ghost_big_iron, nicolae_vaults_little_squares_6,
          nicolae_vaults_trapezoid_lopsided_4, nicolae_vaults_more_shelving_1,
          nicolae_vaults_angled_halls, nicolae_vaults_little_squares_4,
          nicolae_vaults_mini_display_case, nicolae_vaults_specimen_jars,
          vaults_room_semicircle, layout_vaults_omnigrid, serial_shops, shop
Vaults:2: nicolae_vaults_big_ls, minmay_crypt_entry_simple_round,
          vaults_dpeg_hooks, nicolae_vaults_little_squares_5,
          hangedman_vaults_snaps, v_misc_14, vaults_room_fours,
          nicolae_vaults_double_plus_2, nicolae_vaults_little_squares_2,
          vaults_mumra_chevron, vaults_room_door_ring, vaults_mumra_hex,
          vaults_mumra_lcd, nicolae_vaults_network_periphery,
          layout_vaults_omnibox, uniq_bai_suzhen
Vaults:3: vaults_room_grid, ontoclasm_vaults_spin,
          nicolae_vaults_storage_room_glass, nicolae_vaults_more_shelving_2,
          ontoclasm_vaults_tryst, v_rooms_5, v_misc_29,
          nicolae_vaults_antechamber_and_loot_room, vaults_room_pools,
          nicolae_vaults_tetromino_T_2, vaults_room_stairs_pillars,
          hangedman_vaults_trim, nicolae_vaults_weapon_check,
          nicolae_vaults_double_plus_1, layout_vaults_maze, uniq_margery
Vaults:4: hangedman_vaults_nails, nicolae_vaults_oval_intersection,
          vaults_dpeg_diagonal, vaults_mumra_hexcomb,
          nicolae_vaults_network_quinsquares
          [nicolae_vaults_network_quincunx_subvault,
          nicolae_vaults_network_quincunx_subvault,
          nicolae_vaults_network_quincunx_subvault,
          nicolae_vaults_network_quincunx_subvault], v_misc_28,
          dpeg_vaults_monster_row, v_misc_1, vaults_room_hangedman_quadrants,
          v_alt_pattern_1, layout_vaults_big_room
Crypt:1:  layout_regular_city, nicolae_crypt_ancient_font,
          lemuel_mausoleum_altar_kikubaaqudgha, uniq_vv
Crypt:2:  layout_basic, roderic_lattice_octagonal_star, grunt_megastairs_4
Crypt:3:  quadcrypt_mu
Depths:1: layout_gridlike, enter_ziggurat_c, rand_demon_pan_entry_7,
          minmay_misc_feat_more_columns, hell_entry, hangedman_eye_storm,
          grunt_megastairs_5
Depths:2: pf_snail_temple, layout_twisted_cross, grunt_mini_vestibule,
          serial_sigils, serial_sigils_hangedman_carve,
          serial_sigils_hangedman_shear, serial_sigils_hangedman_writhe,
          serial_sigils_hangedman_quiver, rand_demon_pan_entry_1
Depths:3: kennysheep_gozag_temple, layout_gridlike,
          nicolae_abyss_entry_one_way_or_another, serial_bayou_shore_b,
          grunt_hell_entry_dis_mu, minmay_misc_feat_five,
          nicolae_elyvilon_temple_path, uniq_jory
Depths:4: evilmike_zot_entry_basic, layout_honeycomb,
          nicolae_hell_entry_big_baal_hell, pan_entry,
          hangedman_abyss_entry_splay, uniq_saint_roka
Zot:1:    layout_gridlike
Zot:2:    gammafunk_the_bubble [the_bubble_gammafunk_plus_minus],
          layout_gridlike
Zot:3:    layout_basic, zot_minivault_3, uniq_josephina, uniq_parghit
Zot:4:    layout_basic
Zot:5:    layout_gridlike

Skill      XL: |  1  2  3  4  5  6  7  8  9 10 11 12 13 14 15 16 17 18 19 20 21 22 23 24 25 26 |
---------------+-------------------------------------------------------------------------------+-----
Stealth        | 3 4 6 7 8 10 12 13 | 13.9
Fighting       | 1 2 4 5 6 7 9 10 11 12 13 14 16 17 | 17.1
Air Magic      | 1 2 4 6 9 10 14 15 16 18 19 21 | 21.0
Poison Magic   | 4 |  4.0
Conjurations   | 1 3 4 5 8 11 12 14 15 16 19 21 | 21.0
Earth Magic    | 1 2 4 5 |  5.0
Evocations     | 2 4 5 6 7 8 9 10 11 12 | 12.9
Dodging        | 3 4 6 7 8 9 11 12 14 15 16 18 19 | 19.5
Spellcasting   | 4 7 8 10 11 12 13 14 16 18 19 20 | 20.0
Summonings     | 4 7 9 11 12 13 | 13.0
Fire Magic     | 2 6 8 |  8.0
Shields        | 2 4 |  4.0
Armour         | 2 4 |  4.5
Translocations | 2 3 |  3.0
Hexes          | 5 |  5.0
Transmutations | 5 7 |  7.0
Invocations    | 11 18 21 | 21.1

Action                     |  1- 3 |  4- 6 |  7- 9 | 10-12 | 13-15 | 16-18 | 19-21 | 22-24 | 25-27 || total
---------------------------+-------+-------+-------+-------+-------+-------+-------+-------+-------++-------
  Melee: Spear             |       |     9 |     5 |       |       |       |       |       |       ||    14
         Staff             |       |       |    12 |    18 |       |       |     2 |       |       ||    32
         Falchion          |       |       |    62 |    36 |       |       |       |       |       ||    98
         Punch             |       |       |     3 |       |       |       |       |       |       ||     3
         Whip              |       |       |       |    13 |   160 |    46 |       |       |       ||   219
         Dagger            |       |       |       |       |       |       |       |    26 |       ||    26
   Fire: Sling             |    60 |    58 |    11 |       |       |       |       |       |       ||   129
  Throw: Stone             |     3 |       |       |       |       |       |       |       |       ||     3
         Dart              |       |    10 |     5 |     2 |     1 |       |       |       |     2 ||    20
         Boomerang         |       |       |     1 |       |       |       |       |       |       ||     1
         Throwing net      |       |       |       |       |     1 |       |     1 |       |       ||     2
   Cast: Sting             |    46 |    48 |    11 |       |       |       |       |       |       ||   105
         Poisonous Vapours |    10 |    87 |    49 |    48 |     4 |    57 |       |       |       ||   255
         Stone Arrow       |       |     8 |    65 |   136 |    62 |    17 |       |       |       ||   288
         Mephitic Cloud    |       |     2 |     5 |     7 |     9 |     6 |     2 |       |       ||    31
         Summon Lightning  |       |       |    14 |    67 |    97 |    24 |       |       |       ||   202
         Airstrike         |       |       |       |    19 |   179 |   193 |    90 |    38 |     8 ||   527
         Plasma Beam       |       |       |       |     7 |   174 |   199 |   336 |   393 |    70 ||  1179
         Spellforged Servi |       |       |       |       |     2 |    47 |    55 |    57 |    17 ||   178
         Arcjolt           |       |       |       |       |     2 |    16 |       |       |       ||    18
         Iskenderun's Myst |       |       |       |       |       |    20 |    34 |     2 |       ||    56
         Irradiate         |       |       |       |       |       |     1 |    10 |    18 |     7 ||    36
         Maxwell's Capacit |       |       |       |       |       |     1 |     8 |    54 |    88 ||   151
         Lee's Rapid Decon |       |       |       |       |       |       |    37 |       |       ||    37
         Yara's Violent Un |       |       |       |       |       |       |     1 |     3 |     1 ||     5
         Chain Lightning   |       |       |       |       |       |       |       |    93 |    38 ||   131
         Passwall          |       |       |       |       |       |       |       |     2 |    10 ||    12
         Lehudib's Crystal |       |       |       |       |       |       |       |    31 |     7 ||    38
         Blink             |       |       |       |       |       |       |       |     6 |     2 ||     8
  Evoke: Wand              |       |     4 |     3 |    15 |     8 |    20 |     4 |    18 |    14 ||    86
         Box of beasts     |       |       |       |     1 |       |     1 |     1 |     1 |       ||     4
         Lightning rod     |       |       |       |       |     7 |    11 |     2 |     4 |       ||    24
         Phial of floods   |       |       |       |       |     1 |       |       |       |       ||     1
         Phantom mirror    |       |       |       |       |       |     1 |       |       |     1 ||     2
         Condenser vane    |       |       |       |       |       |     1 |     2 |       |       ||     3
    Use: Scroll            |     3 |     7 |     9 |     6 |    17 |    10 |     7 |    14 |     6 ||    79
         Potion            |       |     1 |       |       |     7 |     4 |     4 |     8 |     5 ||    29
   Stab: Distracted        |       |       |     2 |       |     3 |       |       |       |       ||     5
         Sleeping          |       |       |     1 |     1 |     2 |     1 |       |     1 |       ||     6
         Betrayed ally     |       |       |       |     1 |       |       |       |       |       ||     1
         Confused          |       |       |       |     1 |     4 |       |       |       |       ||     5
         Paralysed         |       |       |       |       |     2 |       |       |       |       ||     2
 Armour: Robe              |     3 |    11 |    19 |    23 |    44 |    22 |    21 |    37 |    14 ||   194
         Skin              |       |       |       |       |       |       |       |       |     6 ||     6
  Dodge: Dodged            |    19 |    23 |    70 |    84 |   280 |   151 |   173 |   182 |   130 ||  1112
         Repelled          |       |       |       |       |       |     6 |     5 |     4 |       ||    15
  Block: Other             |       |    10 |    20 |     2 |       |       |       |       |       ||    32
         Reflection        |       |     1 |       |     2 |     1 |       |       |       |       ||     4
         Buckler           |       |       |       |    55 |   136 |    37 |    38 |    43 |    31 ||   340

Table legend: (Time is in decaauts)
 A = Elapsed time spent in this place.
 B = Non-inter-level travel time spent in this place.
 C = Inter-level travel time spent in this place.
 D = Time resting spent in this place.
 E = Time spent auto-exploring this place.
 F = Levels seen in this place.
 G = Mean time per level.
                   A        B        C        D        E       F      G
               +--------+--------+--------+--------+--------+-----+--------+
         Total |  70944 |  64226 |   6718 |  15228 |  29464 |  58 | 1223.2 |
       Dungeon |  22626 |  20035 |   2591 |   5857 |   7496 |  15 | 1508.4 |
        Temple |      1 |      1 |      0 |      0 |      0 |   1 |    1.0 |
          Lair |  10080 |   9041 |   1039 |   3538 |   4199 |   5 | 2016.0 |
        Shoals |   3785 |   3575 |    210 |    256 |   1884 |   4 |  946.2 |
   Spider Nest |   5090 |   4637 |    453 |   1286 |   1800 |   4 | 1272.5 |
    Slime Pits |   1365 |   1224 |    141 |    171 |    512 |   5 |  273.0 |
  Orcish Mines |   2763 |   2506 |    257 |   1055 |    771 |   2 | 1381.5 |
   Elven Halls |   3692 |   3240 |    452 |    270 |   2031 |   3 | 1230.7 |
        Vaults |   5465 |   5040 |    425 |    559 |   3305 |   4 | 1366.2 |
         Crypt |   4131 |   3966 |    165 |    576 |   2196 |   3 | 1377.0 |
        Depths |   5443 |   4876 |    567 |    756 |   2891 |   4 | 1360.8 |
           Zot |   5271 |   4857 |    414 |    666 |   2256 |   5 | 1054.2 |
       Ossuary |    547 |    547 |      0 |    108 |    120 |   1 |  547.0 |
      Ice Cave |    222 |    222 |      0 |     81 |      3 |   1 |  222.0 |
      Gauntlet |    456 |    456 |      0 |     48 |      0 |   1 |  456.0 |
               +--------+--------+--------+--------+--------+-----+--------+

Top non-repeatable levels by time:
    D:10: 2481 daAuts
  Lair:4: 2373 daAuts
     D:4: 2253 daAuts
  Lair:5: 2213 daAuts
     D:6: 2075 daAuts
  Lair:3: 2033 daAuts
  Lair:2: 2021 daAuts
 Crypt:3: 1934 daAuts
   Orc:2: 1668 daAuts
     D:8: 1571 daAuts
Vaults:1: 1566 daAuts
   Elf:3: 1562 daAuts
Depths:3: 1522 daAuts
     D:7: 1519 daAuts
Depths:2: 1500 daAuts
